Map: Blackburn LE

Players

Neeb - Winner!

  • Race: Protoss Protoss

Scarlett

  • Race: Zerg Zerg

Event: DreamHack SC2 Masters 2021 Winter

VOD

Have the link to the VOD?

Description

Time

  • Played on: Oct. 17, 2021, 5:22 p.m.
  • Length: 8:05

All games in this series

Show
View Real Time Build Order
Export as new Build Order

Neeb Protoss - Winner!

Build Orders: 1 Gate Expand, Oracle Opening 

Get SALT Encoding   

  12  0:00  Probe  
  13  0:12  Probe  
  14  0:19  Pylon  
  14  0:24  Probe  
  15  0:37  Probe (Chrono Boost)  
  15  0:40  Gateway  
  16  0:47  Probe (Chrono Boost)  
  16  0:49  Assimilator  
  17  0:52  Probe (Chrono Boost)  
  18  1:04  Probe  
  19  1:16  Probe  
  20  1:28  Nexus  
  20  1:38  Cybernetics Core  
  20  1:41  Probe  
  21  1:47  Assimilator  
  21  1:53  Probe  
  22  1:58  Pylon  
  22  2:06  Probe  
  23  2:13  Adept (Chrono Boost)  
  23  2:18  Probe  
  23  2:21  Stargate  
  26  2:27  Warp Gate  
  26  2:30  Probe  
  26  2:33  Adept (Chrono Boost)  
  29  2:40  Probe  
  29  2:42  Probe  
  31  2:52  Probe  
  31  2:54  Probe  
  31  2:56  Adept  
  35  3:03  Oracle (Chrono Boost)  
  35  3:04  Probe  
  36  3:10  Probe  
  40  3:16  Probe  
  41  3:22  Gateway  
  41  3:23  Probe  
  41  3:28  Probe  
  41  3:30  Oracle (Chrono Boost)  
  45  3:35  Pylon  
  45  3:40  Probe  
  46  3:46  Pylon  
  46  3:53  Probe x2  
  48  4:00  Oracle (Chrono Boost)  
  51  4:05  Probe x2  
  51  4:06  Pylon  
  53  4:16  Adept  
  55  4:17  Probe  
  55  4:18  Probe  
  55  4:23  Adept  
  59  4:29  Nexus  
  59  4:32  Probe  
  59  4:33  Assimilator  
  60  4:42  Adept  
  60  4:43  Void Ray (Chrono Boost), Probe  
  60  4:45  Adept  
  65  4:47  Pylon  
  69  4:54  Probe  
  69  4:57  Assimilator  
  70  5:05  Probe  
  70  5:06  Probe  
  72  5:10  Robotics Facility  
  72  5:17  Probe  
  72  5:19  Probe  
  74  5:27  Forge  
  74  5:29  Probe  
  74  5:31  Probe  
  76  5:40  Pylon  
  76  5:42  Gateway, Probe x2, Shield Battery  
  78  5:44  Gateway, Sentry x2  
  78  5:46  Probe  
  78  5:48  Pylon  
  83  5:55  Immortal (Chrono Boost)  
  84  6:01  Photon Cannon  
  84  6:04  Photon Cannon  
  88  6:09  Shield Battery  
  88  6:10  Sentry x2  
  91  6:12  Shield Battery  
  91  6:18  Shield Battery  
  91  6:21  Pylon  
  91  6:24  Immortal (Chrono Boost)  
  95  6:31  Probe x3  
  98  6:35  Stalker  
  98  6:36  Shield Battery  
  100  6:42  Stalker x2  
  100  6:44  Probe  
  100  6:45  Probe  
  106  6:52  Probe  
  103  6:56  Probe  
  103  6:57  Immortal (Chrono Boost)  
  106  7:04  Probe  
  106  7:07  Probe  
  102  7:11  Stalker x4  
  99  7:27  Probe  
  93  7:35  Stalker x4  
  92  7:41  Probe  
  92  7:42  Probe  
  89  7:45  Probe  
Show
View Real Time Build Order
Export as new Build Order

Scarlett Zerg 

Build Orders: Pool First 

Get SALT Encoding   

  12  0:00  Drone  
  13  0:12  Overlord  
  13  0:17  Drone  
  14  0:30  Drone x2  
  16  0:46  Drone x2  
  18  0:55  Extractor  
  17  0:57  Spawning Pool  
  16  1:11  Hatchery  
  16  1:14  Drone  
  16  1:18  Drone  
  16  1:22  Drone  
  18  1:31  Drone  
  19  1:44  Queen  
  19  1:45  Zergling x2  
  22  1:51  Overlord  
  22  1:57  Metabolic Boost  
  22  2:16  Drone x2  
  24  2:23  Drone, Queen  
  27  2:33  Zergling x4  
  27  2:35  Drone  
  30  2:44  Overlord  
  30  2:46  Zergling x2  
  31  2:54  Zergling x2  
  31  2:56  Queen  
  33  3:07  Drone x2  
  33  3:10  Overlord  
  33  3:11  Drone x2  
  36  3:21  Drone  
  36  3:22  Drone  
  38  3:29  Drone x2  
  38  3:31  Hatchery  
  38  3:32  Spore Crawler  
  38  3:35  Queen  
  38  3:40  Spore Crawler  
  39  3:42  Drone  
  39  3:43  Drone  
  41  3:51  Drone x4  
  45  4:00  Drone x3  
  48  4:06  Drone  
  48  4:08  Drone x2  
  51  4:10  Overlord x2  
  51  4:13  Extractor  
  51  4:16  Extractor  
  49  4:18  Zergling x2  
  49  4:23  Zergling x2  
  48  4:26  Zergling x2  
  48  4:28  Queen, Roach Warren  
  50  4:32  Drone  
  50  4:34  Drone x2  
  52  4:40  Drone  
  51  4:46  Zergling x6  
  51  4:47  Zergling x2  
  51  4:48  Queen  
  51  4:52  Queen  
  59  4:56  Drone x2  
  59  4:57  Overlord  
  61  5:04  Queen  
  63  5:08  Overlord x2  
  67  5:14  Roach x3  
  67  5:18  Roach x2  
  69  5:28  Zergling x6, Roach x2  
  74  5:39  Drone x2  
  76  5:43  Queen  
  88  5:57  Roach x5  
  88  6:05  Overlord x3  
  88  6:11  Overlord x2  
  88  6:21  Ravager  
  88  6:23  Overlord  
  88  6:24  Roach  
  88  6:25  Zergling x8  
  95  6:26  Ravager x2  
  95  6:28  Ravager x2  
  95  6:31  Ravager x2  
  101  6:33  Zergling x2  
  101  6:35  Ravager  
  101  6:37  Zergling x6  
  106  6:42  Ravager x2  
  106  6:43  Zergling x8  
  109  6:49  Zergling x8  
  104  6:54  Zergling x4  
  104  6:59  Zergling x2  
  105  7:05  Zergling x2  
  105  7:06  Zergling x2  
  100  7:13  Zergling x2  
  98  7:16  Zergling x2  
  98  7:17  Zergling x2  
  98  7:20  Zergling x2  
  98  7:21  Ravager  
  88  7:29  Roach x2  
  90  7:36  Roach  
  86  7:41  Roach x2  
  86  7:44  Zergling x2  

Tags
 
Add a new tag
Caveats
  • Supply blocks, unpowered buildings, or Contaminate may cause inaccurate times.
  • Supply counts are checked every 10 seconds.